 Dungeon Crawl Stone Soup version 0.29.0-11-gd7f09526c8 (webtiles) character file.

Game seed: 1166887908602752909

9008 Zonian the Covert (level 11, -6/68 HPs)
             Began as a Demonspawn Ice Elementalist on Sept 3, 2022.
             Was a High Priest of Nemelex Xobeh.
             Mangled by a two-headed ogre
             ... wielding a +0 giant club
              (27 damage)
             ... on level 9 of the Dungeon.
             The game lasted 00:30:52 (14901 turns).

Zonian the Covert (Demonspawn Ice Elementalist)    Turns: 14901, Time: 00:30:53

Health: -6/68      AC: 12    Str:  8    XL:     11   Next: 17%
Magic:  23/23      EV: 16    Int: 19    God:    Nemelex Xobeh [*****.]
Gold:   452        SH:  0    Dex: 20    Spells: 19/26 levels left

rFire   . . .      SeeInvis .   k - +1 short sword (drain)
rCold   . . .      Faith    .   (no shield)
rNeg    . . .      Spirit   .   t - +3 leather armour "Utiamont" {Slay+3}
rPois   .          Reflect  .   a - +2 helmet
rElec   .          Harm     .   (no cloak)
rCorr   .          Rampage  .   v - +2 pair of gloves
Will    ++...                   (no boots)
Stlth   ++++++....              (no amulet)
HPRegen 0.21/turn               r - ring of willpower
MPRegen 0.18/turn               w - ring of willpower

@: no status effects
A: thin skeletal structure 2, demonic touch 2
a: Renounce Religion, Draw Escape, Draw Destruction, Draw Summoning, Triple
Draw, Deal Four, Stack Five


You were on level 9 of the Dungeon.
You worshipped Nemelex Xobeh.
Nemelex Xobeh was extremely pleased with you.
You visited 1 branch of the dungeon, and saw 9 of its levels.

You collected 690 gold pieces.
You spent 238 gold pieces at shops.

Inventory:

Hand Weapons
 h - a +0 dagger
 k - a +1 short sword of draining (weapon)
 p - a +0 whip
 J - a +3 scimitar of flaming
 M - a +0 whip of electrocution
Missiles
 d - 3 datura-tipped darts
 n - 9 boomerangs
 o - 2 javelins
 q - 3 throwing nets
 A - 25 poisoned darts
Armour
 a - a +2 helmet (worn)
 l - a +1 pair of gloves
 t - the +3 leather armour "Utiamont" (worn) {Slay+3}
   (You bought it in a shop on level 5 of the Dungeon)

   Slay:      It affects your accuracy & damage with ranged weapons and melee
   (+3).
 v - a +2 pair of gloves (worn)
Jewellery
 r - a ring of willpower (left hand)
 w - a ring of willpower (right hand)
 x - a ring of see invisible
 I - a ring of positive energy
 L - a ring of protection from fire
Wands
 c - a wand of flame (18)
 i - a wand of paralysis (8)
 y - a wand of polymorph (9)
 F - a wand of roots (2)
Scrolls
 f - 8 scrolls of teleportation
 j - 2 scrolls of vulnerability
 z - 2 scrolls of fear
 C - 2 scrolls of fog
 G - a scroll of amnesia
 H - a scroll of identify
Potions
 b - 2 potions of magic
 e - 2 potions of berserk rage
 g - a potion of curing
 m - 2 potions of flight
 s - 2 potions of ambrosia
 u - a potion of brilliance
 B - a potion of invisibility
 D - a potion of mutation {unknown}
 E - a potion of resistance {unknown}


   Skills:
 + Level 1.9 Short Blades
 - Level 8.0 Dodging
 + Level 9.0 Stealth
 + Level 8.3 Spellcasting
 + Level 8.9 Ice Magic


You had 19 spell levels left.
You knew the following spells:

 Your Spells              Type           Power      Damage    Failure   Level
a - Freeze                Ice            100%       1d11      1%          1
b - Frozen Ramparts       Ice            82%        1d13      1%          3
c - Ozocubu's Armour      Ice            41%        N/A       1%          3

Your spell library contained the following spells:

 Spells                   Type           Power      Damage    Failure   Level
 Hailstorm                Conj/Ice       24%        3d7       21%         4


Dungeon Overview and Level Annotations

Branches:
Dungeon (9/15)             Temple (0/1) D:4
   Lair: D:8-11         Orc: D:9-12

Altars:
Ashenzari
Dithmenos
Hepliaklqana
Makhleb
Nemelex Xobeh
Okawaru
Qazlal
Sif Muna
Trog
Yredelemnul

Shops:
D:5 [

Annotations:
D:3 1 exclusion, Sigmund


Innate Abilities, Weirdness & Mutations

You have a moderately thin skeletal structure. (Dex +4, Stealth++)
Your touch may inflict irresistible damage on your foes.


Message History

The kobold brigand is heavily wounded.
The kobold brigand barely misses you.
You barely miss the kobold brigand.
The kobold brigand is heavily wounded.
The kobold brigand barely misses you.
Unknown command.
You puncture the kobold brigand!
The kobold brigand is almost dead.
The kobold brigand closely misses you.
You hit the kobold brigand. You drain the kobold brigand.
You kill the kobold brigand!
Your Stealth skill increases to level 9!
H - a scroll of identify You now have 452 gold pieces (gained 22).
Things that are here:
a +0 dagger; a curare-tipped dart Unknown command.
There is an open door here.
Unknown command.
You close the door.
Unknown command.
You start resting.
A two-headed ogre opens the door.
It is wielding a +0 giant club and a +1 dire flail of venom.
A two-headed ogre is nearby!
A two-headed ogre is nearby!
Unknown command.
Aiming: Fastroot
Press: ? - help, Shift-Dir - straight line, f - two-headed ogre
Aim: a two-headed ogre, wielding a +0 giant club and a +1 dire flail of venom The roots erupt in riotous growth!
Roots grab the two-headed ogre.
The grasping roots constrict the two-headed ogre.
You hear a shout!
The two-headed ogre escapes!
You hit the two-headed ogre but do no damage.
Your touch misses the two-headed ogre.
The two-headed ogre is lightly wounded.
The two-headed ogre hits you with a +0 giant club!!
You die...
Your body glows slightly and disappears.

#####.#########.#########.#
#.........##.......#
#.#.#.#.#.##.......#
#..#.#.#..##.......# #.
#.#.....#.###+###)###..#
...#...#.......#.....#
#.#.....#B##...#)..##..#
#..#.#.#..##'#'#O#'# ..
#.#.#○#.#.##.#.#@#.#
#.........#.........#
#####.#########.##### #.#
... #.# .#.#. ..# .... #.#
#. .. .8. .#... #.


You could see a two-headed ogre.

Vanquished Creatures
  2 two-headed ogres
  A tengu warrior (D:9)
  Pikel (D:8)
  Maurice (D:8)
  Maggie (D:6)
  2 trolls
  2 hornets
  A wind drake (D:8)
  2 yaks
  A wraith (D:9)
  Menkaure (D:7)
  A water moccasin (D:9)
  A floating eye (D:9)
  2 orc warriors (D:9)
  2 black bears
  3 ogres
  6 centaurs
  3 lemures (D:8)
  A phantom (D:6)
  3 bullfrogs
  3 kobold brigands (D:9)
  A necrophage (D:6)
  A gnoll sergeant (D:9)
  2 scorpions (D:5)
  3 wights (D:9)
  3 killer bees
  3 howler monkeys (D:9)
  3 hounds
  3 jellies (D:5)
  4 orc priests
  Ijyb (D:3)
  Jessica (D:3)
  7 iguanas
  3 orc wizards
  Natasha (twice) (D:2)
  13 adders
  4 gnolls (D:5)
  A shadow imp (D:7)
  2 white imps
  2 ufetubi
  4 worms
  5 dart slugs
  7 orcs
  5 endoplasms
  5 giant cockroaches
  7 goblins
  7 hobgoblins
  5 jackals (D:3)
  11 kobolds
  2 quokkas
  3 ball pythons (D:2)
  2 bats (D:2)
  4 frilled lizards
  7 rats
173 creatures vanquished.

Vanquished Creatures (collateral kills)
  Joseph (D:9)
  2 vampires (D:9)
  2 yaks (D:9)
  An acid dragon (D:9)
  An orc warrior (D:9)
  A centaur (D:9)
  A kobold brigand (D:9)
  A killer bee (D:9)
  A gnoll bouda (D:9)
11 creatures vanquished.

Vanquished Creatures (others)
  An orc (D:9)
  A fungus (D:3)
  7 plants (D:1)
9 creatures vanquished.

Grand Total: 193 creatures vanquished

Notes
Turn   | Place    | Note
-------+----------+-------------------------------------------
     0 | D:1      | Zonian the Demonspawn Ice Elementalist began the quest for
                  | the Orb.
     0 | D:1      | Reached XP level 1. HP: 13/13 MP: 3/3
   697 | D:1      | Reached skill level 2 in Stealth
   738 | D:1      | Found a faded altar of an unknown god.
   806 | D:1      | Gained mutation: You have a somewhat thin skeletal
                  | structure. (Dex +2, Stealth+) [demonic ancestry]
   806 | D:1      | Reached XP level 2. HP: 17/19 MP: 0/5
   857 | D:1      | Prayed at the altar of an unknown god.
   857 | D:1      | Became a worshipper of Nemelex Xobeh the Trickster
   857 | D:1      | Reached * piety under Nemelex Xobeh
  1491 | D:2      | Received a gift from Nemelex Xobeh
  1498 | D:2      | Noticed Natasha
  1533 | D:2      | Reached XP level 3. HP: 24/24 MP: 1/6
  1794 | D:2      | Learned a level 3 spell: Frozen Ramparts
  2713 | D:2      | Reached XP level 4. HP: 30/30 MP: 5/7
  2737 | D:2      | Reached ** piety under Nemelex Xobeh
  3149 | D:2      | Killed Natasha
  3158 | D:2      | Noticed Natasha
  3164 | D:2      | Killed Natasha
  3165 | D:2      | Reached XP level 5. HP: 19/35 MP: 3/9
  3851 | D:2      | Learned a level 3 spell: Ozocubu's Armour
  3858 | D:3      | Reached skill level 3 in Stealth
  4022 | D:3      | Noticed Jessica
  4030 | D:3      | Killed Jessica
  4485 | D:3      | Noticed Sigmund
  4573 | D:3      | Received a gift from Nemelex Xobeh
  4585 | D:3      | Noticed Ijyb
  4593 | D:3      | Killed Ijyb
  4886 | D:4      | Found a shimmering blue altar of Sif Muna.
  4936 | D:4      | Found a burning altar of Makhleb.
  4937 | D:4      | Found a broken altar of Ashenzari.
  4937 | D:4      | Found a shadowy altar of Dithmenos.
  4955 | D:4      | Reached *** piety under Nemelex Xobeh
  5005 | D:4      | Received a gift from Nemelex Xobeh
  5011 | D:4      | Found a staircase to the Ecumenical Temple.
  5099 | D:4      | Gained mutation: Your touch may inflict minor irresistible
                  | damage on your foes. [demonic ancestry]
  5099 | D:4      | Reached XP level 6. HP: 31/41 MP: 8/11
  5581 | D:4      | Received a gift from Nemelex Xobeh
  5740 | D:5      | Entered Level 5 of the Dungeon
  6765 | D:5      | Reached skill level 4 in Stealth
  6765 | D:5      | Reached skill level 5 in Ice Magic
  6765 | D:5      | Reached XP level 7. HP: 46/46 MP: 12/12
  6791 | D:5      | Found Oto Qaq's Antique Armour Shoppe.
  7209 | D:5      | Reached **** piety under Nemelex Xobeh
  7253 | D:5      | Bought a translucent leather armour for 238 gold pieces
  7253 | D:5      | Identified the +3 leather armour "Utiamont" {Slay+3} (You
                  | bought it in a shop on level 5 of the Dungeon)
  7380 | D:6      | Received a gift from Nemelex Xobeh
  7663 | D:6      | Gained mutation: Your touch may inflict irresistible damage
                  | on your foes. [demonic ancestry]
  7663 | D:6      | Reached XP level 8. HP: 40/52 MP: 14/14
  8041 | D:6      | Noticed Maggie
  8049 | D:6      | Killed Maggie
  8050 | D:6      | Reached skill level 5 in Stealth
  8050 | D:6      | Reached skill level 5 in Spellcasting
  8396 | D:6      | Found a bloodstained altar of Trog.
  8407 | D:6      | Reached skill level 5 in Dodging
  8429 | D:6      | Noticed a two-headed ogre
  8449 | D:6      | Killed a two-headed ogre
  8450 | D:6      | Reached skill level 6 in Stealth
  8450 | D:6      | Gained mutation: You have a moderately thin skeletal
                  | structure. (Dex +4, Stealth++) [demonic ancestry]
  8450 | D:6      | Reached XP level 9. HP: 24/57 MP: 14/17
  8877 | D:6      | Received a gift from Nemelex Xobeh
  9181 | D:7      | Found a basalt altar of Yredelemnul.
  9329 | D:7      | Noticed Menkaure
  9372 | D:7      | Killed Menkaure
  9480 | D:7      | Found a stormy altar of Qazlal.
 10133 | D:8      | Noticed Pikel
 10185 | D:8      | Found a hazy altar of Hepliaklqana.
 10199 | D:8      | Found an iron altar of Okawaru.
 10230 | D:8      | Paralysed by a hornet for 1 turns
 10707 | D:8      | Noticed a troll
 10716 | D:8      | Killed a troll
 10717 | D:8      | Reached skill level 7 in Stealth
 10829 | D:8      | Noticed Erica
 10850 | D:8      | Noticed Erica
 10850 | D:8      | Erica changed into Erica the wind drake
 10851 | D:8      | Killed Erica the wind drake
 11216 | D:8      | Noticed Maurice
 11244 | D:8      | Killed Maurice
 11686 | D:8      | Killed Pikel
 11687 | D:8      | Reached XP level 10. HP: 60/63 MP: 17/20
 12653 | D:9      | Noticed a catoblepas
 13047 | D:9      | Noticed a cyclops
 13089 | D:9      | Noticed a cyclops
 13499 | D:9      | Noticed a boulder beetle
 13501 | D:9      | Received a gift from Nemelex Xobeh
 13519 | D:9      | Reached skill level 8 in Stealth
 13540 | D:9      | Noticed Joseph
 13554 | D:9      | Killed Joseph
 13572 | D:9      | Identified the +12 mace of Qaixkoc {vorpal, rF+ rC+ Dex+6}
 13609 | D:9      | a cyclops changed into a floating eye
 13611 | D:9      | Paralysed by a floating eye for 3 turns
 13626 | D:9      | Noticed a two-headed ogre
 13634 | D:9      | Killed a two-headed ogre
 14378 | D:9      | Noticed a tengu warrior
 14390 | D:9      | Killed a tengu warrior
 14391 | D:9      | Reached skill level 1 in Short Blades
 14391 | D:9      | Reached XP level 11. HP: 32/68 MP: 23/23
 14804 | D:9      | Reached ***** piety under Nemelex Xobeh
 14811 | D:9      | HP: 2/68 [centaur/arrow (6)]
 14866 | D:9      | Noticed a two-headed ogre
 14884 | D:9      | Reached skill level 9 in Stealth
 14901 | D:9      | Mangled by a two-headed ogre

Illustrated notes

Levels and vault maps discovered:
D:1:      dpeg_arrival_court, layout_rooms, shapermc_ecumenical_altar_pompeii,
          lexackson_kobold_supper
D:2:      minmay_spotlight, layout_loops_corners, uniq_natasha
D:3:      layout_loops_cross, dreamdust_mushroom_princess,
          corexii_hall_statues_l, uniq_jessica, uniq_ijyb, uniq_sigmund
D:4:      layout_gridville, minitemple, minmay_temple_entry_statues_pillars
D:5:      layout_basic, serial_shops, shop, minmay_statues_item
D:6:      layout_basic, mainiacjoe_overflow_boulevard, uniq_maggie
D:7:      layout_rooms, kennysheep_mini, kennysheep_little_box, grunt_ogre_cave,
          uniq_menkaure
D:8:      layout_cave_pools, mainiacjoe_overflow_large_starburst, uniq_maurice,
          uniq_pikel, uniq_erica
D:9:      minmay_the_grid_3x3 [minmay_the_grid_gridbox, minmay_the_grid_tree,
          minmay_the_grid_stretched_grid, minmay_the_grid_rooms,
          minmay_the_grid_odd_star, minmay_the_grid_tiny_cups,
          minmay_the_grid_expand, minmay_the_grid_diamond_grid,
          minmay_the_grid_prize_big_room], layout_irregular_city,
          grunt_temple_overflow_opulence, uniq_joseph

Skill      XL: |  1  2  3  4  5  6  7  8  9 10 11 |
---------------+----------------------------------+-----
Stealth        | 2 3 4 6 7 8 9 |  9.0
Dodging        | 2 3 4 5 7 8 |  8.0
Ice Magic      | 4 5 6 7 8 |  8.9
Spellcasting   | 3 4 5 7 8 |  8.3
Short Blades   | 1 |  1.9

Action                   |  1- 3 |  4- 6 |  7- 9 | 10-12 || total
-------------------------+-------+-------+-------+-------++-------
Melee: Dagger            |    23 |    19 |       |       ||    42
       Short sword       |       |    31 |   109 |   112 ||   252
       Touch             |       |     5 |    28 |    17 ||    50
       Punch             |       |       |     2 |       ||     2
Throw: Dart              |     1 |       |       |     5 ||     6
       Throwing net      |       |       |     2 |       ||     2
 Cast: Freeze            |    60 |    69 |    34 |     3 ||   166
       Frozen Ramparts   |       |       |     6 |     9 ||    15
       Ozocubu's Armour  |       |       |       |     4 ||     4
Invok: Draw Destruction  |       |     8 |    13 |     9 ||    30
       Draw Escape       |       |       |     1 |     4 ||     5
       Draw Summoning    |       |       |       |     5 ||     5
Evoke: Wand              |       |       |       |     6 ||     6
  Use: Scroll            |       |     7 |     9 |     7 ||    23
       Potion            |       |       |       |     2 ||     2
 Stab: Sleeping          |     4 |    10 |    11 |     2 ||    27
       Held in net/web   |       |       |     1 |       ||     1
       Distracted        |       |       |       |     2 ||     2
Armor: Robe              |     9 |    16 |     2 |       ||    27
       Leather armour    |       |       |    51 |    49 ||   100
Dodge: Dodged            |    55 |    79 |    95 |   125 ||   354
